 Dungeon Crawl Stone Soup version 0.21.1-1-g345015fe64 (webtiles) character file.

490 KleinerIrrer the Chopper (level 7, 0/43 HPs)
             Began as a Gargoyle Fighter on Apr 4, 2018.
             Killed by divine providence
             ... invoked by an orc priest
              (11 damage)
             ... on level 5 of the Dungeon.
             The game lasted 00:00:57 (3726 turns).

KleinerIrrer the Chopper (Gargoyle Fighter)         Turns: 3726, Time: 00:00:58

Health: 0/43       AC: 14    Str: 22    XL:     7   Next: 14%
Magic:  0/7        EV:  8    Int:  8    God:
Gold:   233        SH:  9    Dex:  9    Spells: 6/6 levels left

rFire    . . .     SeeInvis .   Y - +0 war axe
rCold    . . .     Gourm    .   c - +0 shield
rNeg     + . .     Faith    .   b - +0 scale mail
rPois    ∞         Spirit   +   (no helmet)
rElec    +         Reflect  .   (no cloak)
rCorr    +         Harm     .   p - +2 pair of gloves
MR       .....                  (no boots)
Stlth    ..........             j - amulet of guardian spirit
HPRegen  0.14/turn              m - ring of resist corrosion
MPRegen  0.10/turn              (no ring)

@: no status effects
A: negative energy resistance 1, electricity resistance, unbreathing,
petrification resistance, rot immunity, AC +4
a: no special abilities


You were on level 5 of the Dungeon.
You were hungry.

You visited 1 branch of the dungeon, and saw 5 of its levels.

You collected 233 gold pieces.


Innate Abilities, Weirdness & Mutations

You are resistant to torment.
Your stone body is resilient. (AC +4)
You are immune to poison.
You resist negative energy. (rN+)
You are resistant to electric shocks. (rElec)
You can survive without breathing.
You are immune to petrification.
You are immune to rotting.


   Skills:
 - Level 4.0 Fighting
 + Level 6.4 Axes
 - Level 3.2 Armour
 - Level 1.2 Dodging
 - Level 3.2 Shields


You had 6 spell levels left.
You didn't know any spells.

Inventory:

Hand Weapons
 e - a +0 whip
 Y - a +0 war axe (weapon)
Missiles
 t - 6 tomahawks (quivered)
Armour
 b - a +0 scale mail (worn)
 c - a +0 shield (worn)
 p - a +2 pair of gloves (worn)
Jewellery
 j - an amulet of guardian spirit (around neck)
 m - a ring of resist corrosion (left hand)
 o - an uncursed ring of see invisible {unknown}
Scrolls
 a - 3 scrolls of teleportation
 l - a scroll of remove curse
Potions
 d - 2 potions of might
 g - a potion of curing
 i - a potion of heal wounds
 n - a potion of degeneration {unknown}
 q - a potion of flight {unknown}
 s - a potion of brilliance {unknown}
Comestibles
 f - 5 rations

Dungeon Overview and Level Annotations

Branches:
Dungeon (5/15)
 Temple: D:4-7

Altars:
Fedhas
Gozag


Message History

You barely miss the orc priest.
The orc priest is lightly wounded.
The orc priest closely misses you.
The orc priest calls down the wrath of Beogh upon you.
Beogh smites you!
You closely miss the orc priest.
The orc priest is lightly wounded.
The orc priest mumbles some strange prayers to Beogh against you.
You struggle to resist.
You closely miss the orc priest.
The orc priest is lightly wounded.
You block the orc priest's attack.
The orc priest calls down the wrath of Beogh upon you.
Beogh smites you!
* * * LOW HITPOINT WARNING * * *
You hit the orc priest.
The orc priest is lightly wounded.
The orc priest calls down the wrath of Beogh upon you.
Beogh smites you!
You die...

#.. #.# ### #.#
... #.###.# #.....
#.#.####..
########.......(#.
....ooo@.<.# #...
########.........#
#...####..# #..(#
#..# #...# #~.#
#...# #))# #...#
#o## #.... ##.##
..# ##.###


You could see 2 orc priests and an orc.

Vanquished Creatures
  A sky beast (D:3)
  A hound (D:4)
  2 orc priests
  A worker ant (D:2)
  2 orc wizards
  4 gnolls (D:2)
  8 adders
  2 oozes
  3 worms
  3 dart slugs
  3 leopard geckos
  17 orcs
  A ball python (D:4)
  5 bats
  4 giant cockroaches
  5 goblins
  5 hobgoblins
  11 jackals
  2 quokkas (D:4)
  2 frilled lizards
  5 kobolds
  A leopard gecko skeleton (D:4)
  6 rats
94 creatures vanquished.

Notes
Turn   | Place    | Note
-------+----------+-------------------------------------------
     0 | D:1      | KleinerIrrer the Gargoyle Fighter began the quest for the Orb.
     0 | D:1      | Reached XP level 1. HP: 14/14 MP: 1/1
     0 | D:1      | 0 ||| counter = 61
    95 | D:1      | Reached skill level 2 in Axes
   154 | D:1      | Reached XP level 2. HP: 16/19 MP: 2/2
   667 | D:1      | 667 ||| UPGRADING to runed leather armour.
   677 | D:1      | 677 ||| UPGRADING to pair of glowing gloves.
   682 | D:1      | 682 ||| READING 2 scrolls labeled YHEUGRIFUPN.
   687 | D:1      | 687 ||| READING 2 scrolls labeled UCHAICHECW.
   688 | D:1      | 688 ||| READING scroll labeled VUCSIOPOCW.
   689 | D:1      | 689 ||| READING scroll labeled VEAVUTH NOYDD.
   690 | D:1      | 690 ||| READING scroll labeled JIZU UNWEPEOP TIM.
   691 | D:1      | 691 ||| READING scroll labeled ZAGO BIOFF.
   692 | D:1      | 692 ||| UPGRADING to +0 scale mail.
   702 | D:1      | 702 ||| DROPPING +0 leather armour.
   703 | D:1      | 703 ||| DRINKING 2 green potions.
   726 | D:2      | Reached skill level 3 in Axes
   735 | D:2      | Reached XP level 3. HP: 17/23 MP: 3/3
   743 | D:2      | 743 ||| STAIRDANCE
   931 | D:2      | Reached XP level 4. HP: 28/28 MP: 4/4
   935 | D:2      | Reached skill level 4 in Axes
  1164 | D:2      | 1164 ||| UPGRADING to whip.
  1165 | D:2      | 1165 ||| SWAPPING to +0 war axe.
  1357 | D:2      | Reached XP level 5. HP: 32/32 MP: 5/5
  1605 | D:2      | 1605 ||| READING scroll labeled YTIAMM TATYI.
  1606 | D:2      | 1606 ||| DRINKING 3 orange potions.
  1607 | D:2      | 1607 ||| DROPPING 2 potions of agility.
  1777 | D:3      | Found a blossoming altar of Fedhas.
  1794 | D:3      | 1794 ||| DRINKING 2 potions of curing.
  1794 | D:3      | 1794 ||| (to cure confusion)
  1801 | D:3      | Reached skill level 5 in Axes
  2456 | D:3      | 2456 ||| READING scroll labeled NIRAKK LALI.
  2457 | D:3      | 2457 ||| READING scroll of identify.
  2457 | D:3      | 2457 ||| IDENTIFYING runed garnet amulet
  2458 | D:3      | 2458 ||| UPGRADING to amulet of guardian spirit.
  2504 | D:4      | Reached XP level 6. HP: 35/38 MP: 4/6
  2507 | D:4      | Reached skill level 1 in Dodging
  2644 | D:4      | 2644 ||| READING scroll of enchant armour.
  2644 | D:4      | 2644 ||| ENCHANTING +1 pair of gloves.
  2766 | D:4      | Found an opulent altar of Gozag.
  3462 | D:4      | 3462 ||| READING scroll labeled POSSEH PITZOSKUABO.
  3463 | D:4      | 3463 ||| DRINKING 2 golden potions.
  3464 | D:4      | 3464 ||| READING scroll of identify.
  3464 | D:4      | 3464 ||| IDENTIFYING wooden ring
  3465 | D:4      | 3465 ||| UPGRADING to ring of resist corrosion.
  3473 | D:5      | Entered Level 5 of the Dungeon
  3490 | D:5      | Noticed a sky beast
  3506 | D:5      | 3506 ||| STAIRDANCE
  3541 | D:4      | 3541 ||| STAIRDANCE
  3570 | D:3      | Killed a sky beast
  3570 | D:3      | Reached skill level 6 in Axes
  3570 | D:3      | Reached XP level 7. HP: 24/43 MP: 5/7
  3726 | D:5      | Killed from afar by an orc priest

Vault maps used:
D:1:      nzn_arrival_crosshair, minmay_tiny_reverse_x
D:3:      nicolae_overflow_hidden_temple, fedhas_altar_1
D:4:      overflow_temple_1_default, first_ration

Skill      XL: |  1  2  3  4  5  6 |
---------------+-------------------+-----
Axes           | 2 3 4 5 6 |  6.4
Fighting       | 4 |  4.0
Dodging        | 1 |  1.2
Armour         | |  3.2
Shields        | |  3.2

Action                   |  1- 3 |  4- 6 |  7- 9 || total
-------------------------+-------+-------+-------++-------
Melee: War axe           |    57 |   304 |    12 ||   373
  Use: Scroll            |     6 |     6 |       ||    12
       Potion            |     1 |     3 |       ||     4
  Eat: Chunk             |       |     9 |       ||     9
Armor: Scale mail        |    41 |   193 |     3 ||   237
Dodge: Dodged            |    10 |    95 |     3 ||   108
Block: Shield            |    28 |   153 |     1 ||   182

Table legend:
 A = Spawn XP
 B = Non-spawn XP
 C = Spawn XP percentage of total XP
 D = Spawn monster count
 E = Non-spawn monster count
 F = Spawn count percentage of total count
 G = Total turns spent on level
                    A         B        C        D         E        F      G
               +---------+---------+-------+---------+---------+-------+---------
         Total |       0 |     701 |   0.0 |       0 |      94 |   0.0 |  3726
               +---------+---------+-------+---------+---------+-------+---------
           D:1 |       0 |      29 |   0.0 |       0 |      13 |   0.0 |   827
           D:2 |       0 |     151 |   0.0 |       0 |      23 |   0.0 |   809
           D:3 |       0 |     258 |   0.0 |       0 |      26 |   0.0 |   993
           D:4 |       0 |     174 |   0.0 |       0 |      27 |   0.0 |  1049
           D:5 |       0 |      89 |   0.0 |       0 |       5 |   0.0 |    48
               +---------+---------+-------+---------+---------+-------+---------
